| TOP OF THE 1ST |
|
Oklahoma State University Cowboys batting - Pitching for Pennsylvania State University Nittany Lions : RHP Teruhiko Ushijima
|
|
Pitching: RHP Teruhiko Ushijima
|
|
|
Batting: RHB Josh Hopp
|
0-0: Called Strike 0-1: Ball 1-1: Swinging Strike 1-2: SINGLE (Groundball, 56S, EV 73.1 MPH) (infield hit)
|
|
Batting: LHB Orlando Rivera
|
0-0: Ball 1-0: Swinging Strike 1-1: Called Strike 1-2: Strikes out swinging
|
|
Batting: RHB Kinzo Yokoyama
|
0-0: Ball Pickoff Throw to First - Error! E1 Josh Hopp to second 1-0: Ball 2-0: Called Strike 2-1: Foul Ball, location: 2F 2-2: Strikes out looking
|
|
Batting: LHB John Fortin
|
0-0: Called Strike 0-1: Called Strike 0-2: Foul Ball, location: 2F 0-2: Strikes out looking
|
| Top of the 1st over - 0 runs, 1 hit, 1 error, 1 left on base; Oklahoma State University 0 - Pennsylvania State University 0 |
| BOTTOM OF THE 1ST |
|
Pennsylvania State University Nittany Lions batting - Pitching for Oklahoma State University Cowboys : RHP Jeff Shelton
|
|
Pitching: RHP Jeff Shelton
|
|
|
Batting: RHB Ben Burkholder
|
0-0: Ground out 1-3 (Groundball, P, EV 65.6 MPH)
|
|
Batting: RHB Brian Rogers
|
0-0: Ball 1-0: Swinging Strike 1-1: Fly out, F9 (Flyball, 9, EV 89.4 MPH)
|
|
Batting: RHB Julian Gregory
|
0-0: Foul Ball, location: 2F 0-1: Foul Ball, location: 2F 0-2: Ball 1-2: Fly out, F8 (Line Drive, 8LD, EV 109.4 MPH)
|
| Bottom of the 1st over - 0 runs, 0 hits, 0 errors, 0 left on base; Oklahoma State University 0 - Pennsylvania State University 0 |
| TOP OF THE 2ND |
|
Oklahoma State University Cowboys batting - Pitching for Pennsylvania State University Nittany Lions : RHP Teruhiko Ushijima
|
|
Batting: RHB Wiliama Dana
|
0-0: Ball 1-0: Foul Ball, location: 2F 1-1: Ground out 5-3 (Groundball, 56S, EV 89.4 MPH)
|
|
Batting: SHB Chris Wagler
|
0-0: Ball 1-0: Ball 2-0: Called Strike 2-1: Foul Ball, location: 2F 2-2: Strikes out swinging
|
|
Batting: RHB Larry Clark
|
0-0: Ball 1-0: Foul Ball, location: 2F 1-1: Swinging Strike 1-2: Foul Ball, location: 2F 1-2: Foul Ball, location: 2F 1-2: Strikes out swinging
|
| Top of the 2nd over - 0 runs, 0 hits, 0 errors, 0 left on base; Oklahoma State University 0 - Pennsylvania State University 0 |
| BOTTOM OF THE 2ND |
|
Pennsylvania State University Nittany Lions batting - Pitching for Oklahoma State University Cowboys : RHP Jeff Shelton
|
|
Batting: LHB Tyler Francis
|
0-0: Ball 1-0: Called Strike 1-1: Ball 2-1: Ground out 4-3 (Groundball, 34, EV 95.6 MPH)
|
|
Batting: RHB Tim Long
|
0-0: Ball 1-0: Foul Ball, location: 2F 1-1: SINGLE (Groundball, 6MD, EV 95.0 MPH)
|
|
Batting: LHB Angel Oropeza
|
0-0: Called Strike 0-1: SINGLE (Groundball, 6M, EV 104.4 MPH) (infield hit) Tim Long to second
|
|
Batting: RHB Eric Wiss
|
0-0: Swinging Strike 0-1: Swinging Strike 0-2: Ball 1-2: Strikes out swinging
|
|
Batting: RHB Ethan Finke
|
0-0: Foul Ball, location: 2F 0-1: Ball 1-1: SINGLE (Flyball, 89S, EV 90.0 MPH) Tim Long to third Angel Oropeza to second Runner from 3rd tries for Home, SAFE, throw by RF to home
|
|
Batting: RHB Luke Vaccarino
|
0-0: Ball 1-0: Called Strike 1-1: Ball 2-1: Called Strike 2-2: Ground out 5-3 (Groundball, 5S, EV 88.1 MPH)
|
| Bottom of the 2nd over - 1 run, 3 hits, 0 errors, 2 left on base; Oklahoma State University 0 - Pennsylvania State University 1 |
| TOP OF THE 3RD |
|
Oklahoma State University Cowboys batting - Pitching for Pennsylvania State University Nittany Lions : RHP Teruhiko Ushijima
|
|
Batting: RHB Mario Arriero
|
0-0: Ball 1-0: Foul Ball, location: 2F 1-1: Ball 2-1: Ground out 3-1 (Groundball, 34, EV 85.0 MPH)
|
|
Batting: SHB Greg Shaw
|
0-0: Foul Ball, location: 2F 0-1: Foul Ball, location: 2F 0-2: Ball 1-2: Ground out 4-3 (Groundball, 4, EV 97.5 MPH)
|
|
Batting: RHB Josh Hopp
|
0-0: Ball 1-0: Ball 2-0: Ball 3-0: Called Strike 3-1: Called Strike 3-2: Base on Balls
|
|
Batting: LHB Orlando Rivera
|
0-0: Ball 1-0: Ball 2-0: SINGLE (Line Drive, 7S, EV 103.1 MPH) Josh Hopp to second
|
|
Batting: RHB Kinzo Yokoyama
|
0-0: Ball 1-0: Called Strike 1-1: Hit by Pitch Josh Hopp to third Orlando Rivera to second
|
|
Batting: LHB John Fortin
|
0-0: Foul Ball, location: 2F 0-1: Ball 1-1: Called Strike 1-2: Foul Ball, location: 2F 1-2: Foul Ball, location: 2F 1-2: Strikes out swinging
|
| Top of the 3rd over - 0 runs, 1 hit, 0 errors, 3 left on base; Oklahoma State University 0 - Pennsylvania State University 1 |
| BOTTOM OF THE 3RD |
|
Pennsylvania State University Nittany Lions batting - Pitching for Oklahoma State University Cowboys : RHP Jeff Shelton
|
|
Batting: RHB Ben Burkholder
|
0-0: Ball 1-0: Swinging Strike 1-1: Foul Ball, location: 2F 1-2: SINGLE (Line Drive, 8RS, EV 103.8 MPH)
|
|
Batting: RHB Brian Rogers
|
0-0: Ball 1-0: Swinging Strike 1-1: Ball 2-1: Ball 3-1: Base on Balls Ben Burkholder to second
|
|
Batting: RHB Julian Gregory
|
0-0: Called Strike 0-1: Ball 1-1: Reaches on Catchers interference Ben Burkholder to third Brian Rogers to second
|
|
Batting: LHB Tyler Francis
|
0-0: Ball 1-0: Fly out, F8 (Flyball, 78S, EV 73.1 MPH)
|
|
Batting: RHB Tim Long
|
0-0: Called Strike 0-1: Fly out, F7 (Flyball, 78M, EV 82.5 MPH) Runner from 3rd tags up, SCORES, throw by LF Brian Rogers to third
|
|
Batting: LHB Angel Oropeza
|
0-0: Ball 1-0: Foul Ball, location: 2F 1-1: Swinging Strike 1-2: Fly out, F9 (Flyball, 89D, EV 89.4 MPH)
|
| Bottom of the 3rd over - 1 run, 1 hit, 1 error, 2 left on base; Oklahoma State University 0 - Pennsylvania State University 2 |
| TOP OF THE 4TH |
|
Oklahoma State University Cowboys batting - Pitching for Pennsylvania State University Nittany Lions : RHP Teruhiko Ushijima
|
|
Batting: RHB Wiliama Dana
|
0-0: Ball 1-0: Called Strike 1-1: SINGLE (Line Drive, 4MD, EV 93.8 MPH)
|
|
Batting: SHB Chris Wagler
|
0-0: Ball 1-0: Swinging Strike 1-1: Ball 2-1: Ball 3-1: Called Strike 3-2: Foul Ball, location: 2F 3-2: Strikes out swinging
|
|
Batting: RHB Larry Clark
|
0-0: Fly out, F7 (Flyball, 7S, EV 91.9 MPH)
|
|
Batting: RHB Mario Arriero
|
0-0: Swinging Strike 0-1: Ball 1-1: Called Strike 1-2: Strikes out looking
|
| Top of the 4th over - 0 runs, 1 hit, 0 errors, 1 left on base; Oklahoma State University 0 - Pennsylvania State University 2 |
| BOTTOM OF THE 4TH |
|
Pennsylvania State University Nittany Lions batting - Pitching for Oklahoma State University Cowboys : RHP Jeff Shelton
|
|
Batting: RHB Eric Wiss
|
0-0: Called Strike 0-1: Ball 1-1: Ground out 5-3 (Groundball, 56S, EV 87.5 MPH)
|
|
Batting: RHB Ethan Finke
|
0-0: Fly out, F8 (Flyball, 8LM, EV 76.9 MPH)
|
|
Batting: RHB Luke Vaccarino
|
0-0: Called Strike 0-1: Ball 1-1: Ball 2-1: Foul Ball, location: 2F 2-2: Fly out, F9 (Flyball, 9, EV 93.1 MPH)
|
| Bottom of the 4th over - 0 runs, 0 hits, 0 errors, 0 left on base; Oklahoma State University 0 - Pennsylvania State University 2 |
| TOP OF THE 5TH |
|
Oklahoma State University Cowboys batting - Pitching for Pennsylvania State University Nittany Lions : RHP Teruhiko Ushijima
|
|
Batting: SHB Greg Shaw
|
0-0: Ball 1-0: Fly out, F8 (Line Drive, 8RD, EV 92.5 MPH)
|
|
Batting: RHB Josh Hopp
|
0-0: Fly out, F4 (Popup, 13, EV 87.5 MPH)
|
|
Batting: LHB Orlando Rivera
|
0-0: Ball 1-0: Fly out, F6 (Popup, P, EV 82.5 MPH)
|
| Top of the 5th over - 0 runs, 0 hits, 0 errors, 0 left on base; Oklahoma State University 0 - Pennsylvania State University 2 |
| BOTTOM OF THE 5TH |
|
Pennsylvania State University Nittany Lions batting - Pitching for Oklahoma State University Cowboys : RHP Jeff Shelton
|
|
Batting: RHB Ben Burkholder
|
0-0: Ground out 6-3 (Groundball, 6, EV 92.5 MPH)
|
|
Batting: RHB Brian Rogers
|
0-0: Foul Ball, location: 2F 0-1: Called Strike 0-2: Ball 1-2: Foul Ball, location: 2F 1-2: Ball 2-2: Strikes out looking
|
|
Batting: RHB Julian Gregory
|
0-0: Called Strike 0-1: Ground out 6-3 (Groundball, 6, EV 102.5 MPH)
|
| Bottom of the 5th over - 0 runs, 0 hits, 0 errors, 0 left on base; Oklahoma State University 0 - Pennsylvania State University 2 |
| TOP OF THE 6TH |
|
Oklahoma State University Cowboys batting - Pitching for Pennsylvania State University Nittany Lions : RHP Teruhiko Ushijima
|
|
Batting: RHB Kinzo Yokoyama
|
0-0: Swinging Strike 0-1: Swinging Strike 0-2: Ball 1-2: Ball 2-2: Strikes out swinging
|
|
Pitching: RHP Antonio Reyes
|
|
|
Batting: LHB John Fortin
|
0-0: Called Strike 0-1: Ball 1-1: Ball 2-1: Ground out 4-3 (Groundball, 34, EV 82.5 MPH)
|
|
Batting: RHB Wiliama Dana
|
0-0: Ball 1-0: Ground out 6-3 (Groundball, 6S, EV 73.8 MPH)
|
| Top of the 6th over - 0 runs, 0 hits, 0 errors, 0 left on base; Oklahoma State University 0 - Pennsylvania State University 2 |
| BOTTOM OF THE 6TH |
|
Pennsylvania State University Nittany Lions batting - Pitching for Oklahoma State University Cowboys : RHP Jeff Shelton
|
|
Batting: LHB Tyler Francis
|
0-0: Ball 1-0: Called Strike 1-1: Ball 2-1: Ball 3-1: Foul Ball, location: 2F 3-2: Ground out U3 (Groundball, 34, EV 104.4 MPH)
|
|
Batting: RHB Tim Long
|
0-0: SOLO HOME RUN (Flyball, 7LD, EV 95.0 MPH), Distance : 350 ft
|
|
Batting: LHB Angel Oropeza
|
0-0: Ball 1-0: Called Strike 1-1: Fly out, F9 (Flyball, 9S, EV 85.0 MPH)
|
|
Batting: RHB Eric Wiss
|
0-0: Ball 1-0: Ball 2-0: SINGLE (Groundball, 6MD, EV 104.4 MPH)
|
|
Pitching: RHP Rickey DuMire
|
|
|
Batting: RHB Ethan Finke
|
0-0: Foul Ball, location: 2F 0-1: SINGLE (Line Drive, 78M, EV 94.4 MPH) Eric Wiss to second
|
|
Batting: RHB Luke Vaccarino
|
0-0: Ground out 5-3 (Groundball, 56S, EV 81.2 MPH)
|
| Bottom of the 6th over - 1 run, 3 hits, 0 errors, 2 left on base; Oklahoma State University 0 - Pennsylvania State University 3 |
| TOP OF THE 7TH |
|
Oklahoma State University Cowboys batting - Pitching for Pennsylvania State University Nittany Lions : RHP Antonio Reyes
|
|
Batting: SHB Chris Wagler
|
0-0: Called Strike 0-1: Ball 1-1: Ball 2-1: Called Strike 2-2: Reached on error, E6 (Groundball, 6, EV 94.4 MPH)
|
|
Batting: RHB Larry Clark
|
0-0: Fly out, F7 (Flyball, 7S, EV 89.4 MPH)
|
|
Batting: RHB Mario Arriero
|
0-0: Called Strike 0-1: Ball 1-1: Ball 2-1: Swinging Strike 2-2: Strikes out swinging
|
|
Batting: SHB Greg Shaw
|
0-0: Called Strike 0-1: Swinging Strike 0-2: Ball 1-2: Ground out U3 (Groundball, 3, EV 105.6 MPH)
|
| Top of the 7th over - 0 runs, 0 hits, 1 error, 1 left on base; Oklahoma State University 0 - Pennsylvania State University 3 |
| BOTTOM OF THE 7TH |
|
Pennsylvania State University Nittany Lions batting - Pitching for Oklahoma State University Cowboys : RHP Rickey DuMire
|
|
Batting: RHB Ben Burkholder
|
0-0: Called Strike 0-1: Called Strike 0-2: Foul Ball, location: 2F 0-2: Ball 1-2: Ball 2-2: Fly out, F8 (Flyball, 89D, EV 79.4 MPH)
|
|
Batting: RHB Brian Rogers
|
0-0: Ball 1-0: Fly out, F8 (Flyball, 78M, EV 87.5 MPH)
|
|
Batting: RHB Julian Gregory
|
0-0: Called Strike 0-1: Called Strike 0-2: Ball 1-2: Ball 2-2: Ball 3-2: Ground out 1-3 (Groundball, 34S, EV 68.1 MPH)
|
| Bottom of the 7th over - 0 runs, 0 hits, 0 errors, 0 left on base; Oklahoma State University 0 - Pennsylvania State University 3 |
| TOP OF THE 8TH |
|
Oklahoma State University Cowboys batting - Pitching for Pennsylvania State University Nittany Lions : RHP Antonio Reyes
|
|
Batting: RHB Josh Hopp
|
0-0: Called Strike 0-1: Swinging Strike 0-2: Ball 1-2: Ball 2-2: Fly out, F9 (Line Drive, 9, EV 94.4 MPH)
|
|
Batting: LHB Orlando Rivera
|
0-0: Called Strike 0-1: SOLO HOME RUN (Flyball, 7D, EV 97.5 MPH), Distance : 376 ft
|
|
Batting: RHB Kinzo Yokoyama
|
0-0: Foul Ball, location: 2F 0-1: Ball 1-1: Foul Ball, location: 2F 1-2: Ball 2-2: Foul Ball, location: 2F 2-2: Foul Ball, location: 2F 2-2: SINGLE (Groundball, 56, EV 103.1 MPH) (infield hit)
|
|
Batting: LHB John Fortin
|
0-0: Ball 1-0: Foul Ball, location: 2F 1-1: Foul Ball, location: 2F 1-2: Ball 2-2: SINGLE (Flyball, 5D, EV 93.1 MPH) Kinzo Yokoyama to second
|
|
Pitching: LHP Rodolfo Valencia
|
|
|
Batting: RHB Wiliama Dana
|
0-0: Called Strike 0-1: Fly out, F6 (Popup, 4MD, EV 63.8 MPH)
|
|
Batting: SHB Chris Wagler
|
0-0: Called Strike 0-1: Ball 1-1: Ground out 5-3 (Groundball, 5S, EV 68.8 MPH)
|
| Top of the 8th over - 1 run, 3 hits, 0 errors, 2 left on base; Oklahoma State University 1 - Pennsylvania State University 3 |
| BOTTOM OF THE 8TH |
|
Pennsylvania State University Nittany Lions batting - Pitching for Oklahoma State University Cowboys : RHP Rickey DuMire
|
|
Batting: LHB Tyler Francis
|
0-0: Ball 1-0: Foul Ball, location: 2F 1-1: Ground out 4-3 (Groundball, 34D, EV 88.1 MPH)
|
|
Batting: RHB Tim Long
|
0-0: Ball 1-0: Fly out, F6 (Flyball, 5D, EV 89.4 MPH)
|
|
Batting: LHB Angel Oropeza
|
0-0: Foul Ball, location: 2F 0-1: Ground out 1-3 (Groundball, 23, EV 70.0 MPH)
|
| Bottom of the 8th over - 0 runs, 0 hits, 0 errors, 0 left on base; Oklahoma State University 1 - Pennsylvania State University 3 |
| TOP OF THE 9TH |
|
Oklahoma State University Cowboys batting - Pitching for Pennsylvania State University Nittany Lions : LHP Rodolfo Valencia
|
|
Batting: RHB Larry Clark
|
0-0: Called Strike 0-1: SINGLE (Line Drive, 9S, EV 90.6 MPH)
|
|
Batting: RHB Mario Arriero
|
0-0: Foul Ball, location: 2F 0-1: Fly out, F8 (Line Drive, 8RD, EV 88.1 MPH)
|
|
Pinch Hitting: RHB Ed Santibanez
|
0-0: Foul Ball, location: 2F 0-1: Grounds into double play, 6-4-3 (Groundball, 6, EV 88.1 MPH)
|
| Top of the 9th over - 0 runs, 1 hit, 0 errors, 0 left on base; Oklahoma State University 1 - Pennsylvania State University 3 |
|